 Dungeon Crawl Stone Soup version 0.19.0 (webtiles) character file.

99438 Danakh the Severer (level 15, -1/139 HPs)
             Began as a Minotaur Fighter on Nov 5, 2016.
             Was an Initiate of Gozag.
             Blown up by an orb spider (46 damage)
             ... with an orb of destruction
             ... on level 3 of the Spider Nest.
             The game lasted 01:22:09 (24720 turns).

Danakh the Severer (Minotaur Fighter)              Turns: 24720, Time: 01:22:12

Health: -1/139     AC: 28    Str: 31    XL:     15   Next: 77%
Magic:  14/14      EV: 14    Int:  5    God:    Gozag
Gold:   4758       SH: 22    Dex: 20    Spells: 0 memorised, 14 levels left

rFire  + . .     SeeInvis .     R - +0 war axe (chop)
rCold  . . .     Gourm    .     o - +7 chain mail of the Disturbing Planets {rPois Dex+4}
rNeg   . . .     Faith    .     c - +0 shield
rPois  +         Spirit   .     (helmet restricted)
rElec  .         Reflect  +     C - +0 cloak
rCorr  .         Harm     .     G - +1 pair of gloves {archery}
MR     +....                    e - +2 pair of boots
Stlth  ..........               I - +6 amulet of reflection
                                a - ring of protection from fire (curse)
                                O - ring of flight (curse)

@: mighty, agile, lethally poisoned (-1 -> -4), exhausted, gold aura, slowed,
very slow
A: retaliatory headbutt, horns 2
a: Potion Petition, Call Merchant, Bribe Branch, Renounce Religion, Evoke Flight


You were on level 3 of the Spider Nest.
You worshipped Gozag.
Gozag was most pleased with you.
You were not hungry.

You visited 4 branches of the dungeon, and saw 21 of its levels.
You also visited: Sewer.

You collected 6704 gold pieces.
You paid 1946 gold pieces to Gozag.

Inventory:

Hand Weapons
 b - a +0 flail of protection
 R - a +0 war axe of chopping (weapon)
Armour
 c - a +0 shield (worn)
 e - a +2 pair of boots (worn)
 o - the +7 chain mail of the Disturbing Planets (worn) {rPois Dex+4}
   (You found it on level 3 of the Lair of Beasts)

   It affects your dexterity (+4).
   It protects you from poison.
 C - a +0 cloak (worn)
 G - a +1 pair of gloves of archery (worn)
Jewellery
 a - a cursed ring of protection from fire (right hand)
 s - an uncursed ring of protection from cold
 I - a +6 amulet of reflection (around neck)
 N - an uncursed ring of see invisible {unknown}
 O - a cursed ring of flight (left hand)
 P - an uncursed amulet of guardian spirit {unknown}
Wands
 d - a wand of digging (6/24)
 n - a wand of acid (11/15)
 y - a wand of digging (15/24)
 S - a wand of teleportation (3/9)
 U - a wand of disintegration (4/24)
 V - a wand of teleportation (4/9)
 W - a wand of lightning (11/15)
Scrolls
 h - 15 scrolls of identify {unknown}
 i - 3 scrolls of remove curse {unknown}
 j - 3 scrolls of amnesia {unknown}
 k - 3 scrolls of teleportation
 p - 2 scrolls of recharging {unknown}
 r - a scroll of blinking {unknown}
 t - a scroll of magic mapping {unknown}
 w - 3 scrolls of acquirement {unknown}
 B - a scroll of fear {unknown}
 D - a scroll of noise {unknown}
 K - a scroll of immolation {unknown}
 Q - a scroll of holy word {unknown}
 T - a scroll of random uselessness {unknown}
Potions
 m - a potion of resistance
 q - a potion of cancellation {unknown}
 u - a potion of mutation {unknown}
 v - a potion of curing
 z - a potion of cure mutation {unknown}
 A - a potion of flight
 F - a potion of invisibility {unknown}
 H - a potion of degeneration {unknown}
 J - a potion of magic {unknown}
 L - a potion of brilliance {unknown}
 M - a potion of beneficial mutation {unknown}
 Y - a potion of haste
 Z - a potion of experience {unknown}
Miscellaneous
 l - a fan of gales
 E - a phial of floods
Comestibles
 f - 8 bread rations
 g - 5 beef jerkies
 x - 2 meat rations


   Skills:
 + Level 14.9 Fighting
 * Level 20.2 Axes
 + Level 14.9 Armour
 + Level 15.3 Shields


You had 14 spell levels left.
You didn't know any spells.

Dungeon Overview and Level Annotations

Branches:
Dungeon (11/15)            Temple (1/1) D:5            Lair (6/6) D:11
 Shoals (0/4) Lair:2       Spider (3/4) Lair:4        Slime (0/5) Lair:6
    Orc (0/2) D:10

Altars:
Ashenzari
Cheibriados
Dithmenos
Elyvilon
Fedhas
Gozag
Hepliaklqana
Kikubaaqudgha
Makhleb
Nemelex Xobeh
Okawaru
Qazlal
Ru
Sif Muna
Trog
Uskayaw
Vehumet
Xom
Yredelemnul
Zin
The Shining One
Jiyva

Shops:
D:11 [   Lair:6 ((


Innate Abilities, Weirdness & Mutations

You reflexively headbutt those who attack you in melee.
You have a pair of horns on your head.


Message History

The orb spider pulsates with a strange energy.
The demonic crawler is distracted by the nearby gold.
You feel sick.
The demonic crawler is no longer distracted by gold.
You see here 17 gold pieces.
You feel sick. You block the demonic crawler's attack.
The demonic crawler hits you but does no damage.
The demonic crawler hits you!
You feel sick.
You feel sick.
The demonic crawler is distracted by the nearby gold.
The orb spider weaves a glowing orb of energy.
An orb of destruction comes into view.
You feel sick.
The orb spider weaves a glowing orb of energy.
The wavering orb of destruction weakly hits the demonic crawler.
The demonic crawler is no longer distracted by gold.
The demonic crawler gives a hideous shriek!
The orb of destruction hits you!
You die...

...^##.#..##### .#
.....####...#.### ..#
....^#..###...[.# .^#
.....##...##....# #s.#
......#....#...## ###...#
...............####s#..#
............>....#.s$..#...
...##.............s§$.......
####........##..@§###.......
#.###(...####...##.# #......
##.......# ##.## ## #.###.
.#..##...# .(## ##
.##.##...##..####
..###.....#####.######
..##..^...##...#.##^.#
..#....##.##...###.(##
####...#...#..##^...#


You could see a demonic crawler and 2 orb spiders.

Vanquished Creatures
  Arachne (Spider:3)
  Kirke (Lair:5)
  2 ghost moths
  A spark wasp (Spider:3)
  5 dire elephants (Lair:6)
  Erica (Lair:2)
  6 hydras
  An anaconda (Lair:6)
  A queen ant (Lair:3)
  2 death yaks
  Nergalle (Lair:2)
  5 skeletal warriors
  A hill giant (D:9)
  Pikel (D:4)
  A lindwurm (Lair:4)
  3 orb spiders
  20 wolf spiders
  3 oklob plants
  2 manticores (Lair:4)
  2 moths of wrath (Spider:1)
  16 elephants
  Psyche (D:9)
  7 black mambas
  18 spiny frogs
  2 rime drakes (Lair:4)
  The ghost of hungryneko the Cudgeler, a novice DsFi of Okawaru (D:5)
  7 komodo dragons
  7 demonic crawlers
  3 meliai (Lair:4)
  A troll (D:9)
  2 polar bears
  A queen bee (Lair:4)
  26 jumping spiders
  3 merfolk (Lair:2)
  2 hornets
  23 blink frogs
  7 hippogriffs
  Sigmund (D:3)
  16 tarantellas
  40 redbacks
  3 wyverns
  42 yaks
  10 hogs
  A human (D:10)
  2 hungry ghosts
  A steam dragon (D:11)
  Eustachio (D:4)
  Edmund (D:6)
  20 soldier ants
  12 water moccasins
  Duvessa (D:6)
  14 porcupines
  3 orc warriors
  An eye of draining (D:10)
  5 sky beasts
  2 black bears
  6 ogres
  4 phantoms
  21 wolves
  9 centaurs
  10 crocodiles
  9 bullfrogs
  Dowan (D:6)
  2 scorpions (D:11)
  A troll zombie (D:10)
  4 wights (D:10)
  42 killer bees
  A vampire bat (D:3)
  A howler monkey (D:10)
  3 crimson imps
  A bullfrog zombie (D:7)
  2 centaur zombies
  4 hounds
  A jelly (D:10)
  Crazy Yiuf (D:4)
  8 iguanas
  3 orc priests
  Jessica (D:3)
  3 orc wizards
  Natasha (thrice) (D:3)
  25 worker ants
  2 hell rats (Lair:4)
  2 sirens
  Terence (D:2)
  A merfolk avatar (Sewer)
  7 ogre zombies (D:10)
  2 worker ant zombies (D:7)
  Robin (D:3)
  14 adders
  2 river rats (D:6)
  3 shadow imps
  An ooze (D:2)
  An adder skeleton (D:4)
  2 adder zombies (D:4)
  A worm (D:2)
  2 dart slugs
  3 fire bats (D:3)
  6 leopard geckos
  27 orcs
  2 spectral bats (D:3)
  6 ball pythons
  13 bats
  3 bat skeletons (D:3)
  A bat zombie (D:3)
  8 giant cockroaches
  19 goblins
  8 hobgoblins
  9 jackals
  3 quokkas
  A bat simulacrum (D:3)
  13 frilled lizards
  2 goblin skeletons (D:10)
  3 goblin zombies (D:10)
  2 hobgoblin skeletons (D:10)
  A hobgoblin zombie (D:10)
  5 kobolds
  A leopard gecko skeleton (D:6)
  4 orc skeletons (D:10)
  13 orc zombies (D:10)
  A quokka skeleton (D:9)
  25 rats
  A bush (Lair:4)
  7 fungi
  4 plants (Lair:6)
762 creatures vanquished.

Vanquished Creatures (others)
  Nessos (Lair:5)
  A human (D:2)
  2 centaurs (D:11)
  15 fungi
  13 plants
32 creatures vanquished.

Grand Total: 794 creatures vanquished

Notes
Turn   | Place    | Note
-------+----------+-------------------------------------------
     0 | D:1      | Danakh the Minotaur Fighter began the quest for the Orb.
     0 | D:1      | Reached XP level 1. HP: 19/19 MP: 0/0
   134 | D:1      | Reached XP level 2. HP: 27/27 MP: 1/1
   334 | D:1      | Reached skill level 3 in Axes
   879 | D:1      | Found an opulent altar of Gozag.
   916 | D:2      | Reached XP level 3. HP: 33/33 MP: 2/2
  1000 | D:2      | Noticed Terence
  1358 | D:2      | Killed Terence
  1396 | D:2      | Reached skill level 4 in Axes
  1487 | D:2      | Reached XP level 4. HP: 36/40 MP: 3/3
  1526 | D:2      | Found an ancient bone altar of Kikubaaqudgha.
  1526 | D:2      | Noticed a human
  1529 | D:2      | Killed a human
  2036 | D:3      | Noticed Natasha
  2056 | D:3      | Killed Natasha
  2056 | D:3      | Reached XP level 5. HP: 27/47 MP: 4/4
  2058 | D:3      | Reached skill level 5 in Axes
  2273 | D:3      | Noticed Jessica
  2282 | D:3      | Killed Jessica
  2492 | D:3      | Noticed Robin
  2511 | D:3      | Killed Robin
  2524 | D:3      | Found a radiant altar of Vehumet.
  2591 | D:3      | Noticed Natasha
  2597 | D:3      | Killed Natasha
  2597 | D:3      | Reached XP level 6. HP: 53/53 MP: 5/5
  2600 | D:3      | Noticed Natasha
  2607 | D:3      | Killed Natasha
  2607 | D:3      | Reached skill level 5 in Shields
  2774 | D:3      | Noticed Sigmund
  2782 | D:3      | Reached skill level 5 in Fighting
  2787 | D:3      | Killed Sigmund
  2787 | D:3      | Reached skill level 6 in Axes
  2787 | D:3      | Reached skill level 5 in Armour
  2789 | D:3      | Reached XP level 7. HP: 42/61 MP: 6/6
  2946 | D:4      | Noticed Eustachio
  2956 | D:4      | Killed Eustachio
  2972 | D:4      | Found a hazy altar of Hepliaklqana.
  3074 | D:4      | Reached skill level 7 in Axes
  3377 | D:4      | Found a runed door.
  3381 | D:4      | Noticed Crazy Yiuf
  3390 | D:4      | Killed Crazy Yiuf
  3538 | D:4      | Noticed Pikel
  3583 | D:4      | Killed Pikel
  3583 | D:4      | Reached skill level 8 in Axes
  3583 | D:4      | Reached XP level 8. HP: 18/71 MP: 7/7
  3868 | D:5      | Entered Level 5 of the Dungeon
  3868 | D:5      | Found a stormy altar of Qazlal.
  3926 | D:5      | Noticed hungryneko's ghost (novice DsFi)
  3941 | D:5      | Killed hungryneko's ghost
  4077 | D:5      | Reached skill level 9 in Axes
  4246 | D:5      | Found a staircase to the Ecumenical Temple.
  4252 | Temple   | Entered the Ecumenical Temple
  4472 | Temple   | Became a worshipper of Gozag Ym Sagoz the Greedy
  4540 | D:5      | Reached XP level 9. HP: 79/79 MP: 8/8
  5033 | D:6      | Noticed Duvessa
  5034 | D:6      | Noticed Dowan
  5044 | D:6      | Killed Duvessa
  5057 | D:6      | Killed Dowan
  5152 | D:6      | Reached skill level 10 in Axes
  5173 | D:6      | Noticed Edmund
  5181 | D:6      | Killed Edmund
  5501 | D:6      | Found a glowing drain.
  5505 | Sewer    | Entered a sewer
  6454 | D:7      | Found a burning altar of Makhleb.
  6471 | D:7      | Reached skill level 11 in Axes
  7257 | D:7      | Reached XP level 10. HP: 77/90 MP: 9/9
  7329 | D:7      | Found a blossoming altar of Fedhas.
  7745 | D:8      | Found a shattered altar of Ashenzari.
  8031 | D:9      | Noticed Psyche
  8295 | D:9      | Killed Psyche
  8495 | D:9      | Found a stormy altar of Qazlal.
  8543 | D:9      | Noticed a hill giant
  8555 | D:9      | Killed a hill giant
  8555 | D:9      | Reached skill level 12 in Axes
  8914 | D:9      | Found a faded altar of an unknown god.
  8914 | D:9      | Found a faded altar of an unknown god.
  8923 | D:9      | Found a faded altar of an unknown god.
  8925 | D:9      | Found an iron altar of Okawaru.
  8927 | D:9      | Found a faded altar of an unknown god.
  8947 | D:10     | Entered Level 10 of the Dungeon
  9019 | D:10     | Found a staircase to the Orcish Mines.
  9640 | D:10     | Reached XP level 11. HP: 85/99 MP: 10/10
  9647 | D:10     | Reached skill level 13 in Axes
  9650 | D:10     | Reached skill level 10 in Fighting
  9959 | D:11     | Found Quutos's Armour Shoppe.
 10134 | D:11     | Noticed a skeletal warrior
 10135 | D:11     | Noticed a skeletal warrior
 10135 | D:11     | Noticed a skeletal warrior
 10136 | D:11     | Noticed a skeletal warrior
 10136 | D:11     | Noticed a skeletal warrior
 10165 | D:11     | Killed a skeletal warrior
 10187 | D:11     | Killed a skeletal warrior
 10187 | D:11     | Reached skill level 10 in Shields
 11065 | D:10     | Killed a skeletal warrior
 11065 | D:10     | Reached skill level 10 in Armour
 11253 | D:11     | Killed a skeletal warrior
 11487 | D:11     | Killed a skeletal warrior
 12098 | D:11     | Reached skill level 14 in Axes
 12147 | D:11     | Found a staircase to the Lair.
 12247 | Lair:1   | Entered Level 1 of the Lair of Beasts
 12329 | Lair:1   | Found an ancient bone altar of Kikubaaqudgha.
 12991 | Lair:2   | Noticed a five-headed hydra
 13004 | Lair:1   | Killed a five-headed hydra
 13136 | Lair:2   | Noticed Erica
 13140 | Lair:2   | Reached XP level 12. HP: 97/110 MP: 11/11
 13151 | Lair:2   | Killed Erica
 13204 | Lair:2   | Found a glowing silver altar of Zin.
 13286 | Lair:2   | Found a staircase to the Shoals.
 13569 | Lair:2   | Reached skill level 15 in Axes
 14119 | Lair:2   | Noticed Nergalle
 14128 | Lair:2   | Killed Nergalle
 14465 | Lair:3   | Noticed a queen ant
 14490 | Lair:3   | Killed a queen ant
 14891 | Lair:3   | Reached skill level 16 in Axes
 15313 | Lair:3   | Reached XP level 13. HP: 49/118 MP: 12/12
 15622 | Lair:3   | Got a faintly humming chain mail
 15633 | Lair:3   | Identified the +7 chain mail of the Disturbing Planets {rPois Dex+4} (You found it on level 3 of the Lair of Beasts)
 16944 | Lair:4   | Reached skill level 17 in Axes
 17619 | Lair:4   | Found a hole to the Spider Nest.
 18375 | Lair:5   | Found a glowing silver altar of Zin.
 18446 | Lair:5   | Noticed Nessos
 18455 | Lair:5   | Killed Nessos
 18455 | Lair:5   | Reached XP level 14. HP: 129/129 MP: 13/13
 18472 | Lair:5   | Noticed Kirke
 18869 | Lair:5   | Killed Kirke
 18869 | Lair:5   | Reached skill level 18 in Axes
 19402 | Lair:6   | Entered Level 6 of the Lair of Beasts
 19544 | Lair:6   | Found a staircase to the Slime Pits.
 19544 | Lair:6   | Found a viscous altar of Jiyva.
 21094 | Lair:6   | Reached skill level 19 in Axes
 21170 | Spider:1 | Entered Level 1 of the Spider Nest
 21422 | Spider:1 | Reached XP level 15. HP: 134/138 MP: 14/14
 22862 | Spider:2 | Killed a ghost moth
 23325 | Spider:2 | Reached skill level 15 in Shields
 24061 | Spider:3 | Killed a ghost moth
 24061 | Spider:3 | Reached skill level 20 in Axes
 24684 | Spider:3 | Noticed Arachne
 24711 | Spider:3 | Killed Arachne
 24720 | Spider:3 | Blown up by an orb spider

Skill      XL: |  1  2  3  4  5  6  7  8  9 10 11 12 13 14 15 |
---------------+----------------------------------------------+-----
Axes           | 3 4 5 6 8 9 11 12 14 16 17 19 20 | 20.2
Fighting       | 4 5 6 7 8 9 11 12 13 14 | 14.9
Armour         | 4 5 6 7 8 9 10 11 13 14 | 14.9
Shields        | 4 5 6 7 8 9 11 12 13 14 15 | 15.3

Action                   |  1- 3 |  4- 6 |  7- 9 | 10-12 | 13-15 || total
-------------------------+-------+-------+-------+-------+-------++-------
Melee: War axe           |    79 |   129 |   383 |   959 |  1209 ||  2759
       Headbutt          |     6 |    28 |    70 |   212 |   376 ||   692
       Unarmed           |    16 |       |       |       |     2 ||    18
       Flail             |       |       |       |     7 |    37 ||    44
Invok: Call Merchant     |       |       |       |       |     2 ||     2
       Potion Petition   |       |       |       |       |     2 ||     2
 Abil: Evoke Flight      |       |       |     1 |       |       ||     1
Evoke: Wand              |       |       |     2 |       |     4 ||     6
 Stab: Invisible         |       |       |     1 |       |       ||     1
       Distracted        |       |       |     1 |     6 |     8 ||    15
  Eat: Chunk             |       |     6 |     4 |       |       ||    10
       Pizza             |       |       |     1 |     8 |     2 ||    11
       Meat ration       |       |       |     2 |     1 |     5 ||     8
       Royal jelly       |       |       |     1 |     1 |     2 ||     4
       Fruit             |       |       |       |     6 |     2 ||     8
       Beef jerky        |       |       |       |     2 |       ||     2
Armor: Scale mail        |    38 |    70 |   115 |       |       ||   223
       Skin              |     4 |       |       |       |       ||     4
       Plate armour      |       |       |    11 |   261 |     2 ||   274
       Chain mail        |       |       |       |       |   555 ||   555
Dodge: Dodged            |    30 |    39 |    87 |   101 |   289 ||   546
Block: Shield            |    37 |    73 |   210 |   627 |  1133 ||  2080
       Reflection        |       |       |       |    18 |    12 ||    30
       Other             |       |       |       |       |     5 ||     5
